 Dungeon Crawl Stone Soup version 0.23.0-3-gf3c87f2 (webtiles) character file.

Game seed: 16422626064439713831

70 feelmyfire the Insei (level 4, -6/39 HPs)
             Began as a Naga Transmuter on Feb 23, 2019.
             Mangled by a worker ant (8 damage)
             ... on level 4 of the Dungeon.
             The game lasted 00:02:41 (2190 turns).

feelmyfire the Insei (Naga Transmuter)              Turns: 2190, Time: 00:02:42

Health: -6/39      AC:  2    Str: 12    XL:     4   Next: 21%
Magic:  6/7        EV: 10    Int: 14    God:
Gold:   30         SH:  0    Dex: 12    Spells: 6/7 levels left

rFire    . . .     SeeInvis +     - Unarmed
rCold    . . .     Gourm    .   (no shield)
rNeg     . . .     Faith    .   b - +0 robe
rPois    +         Spirit   .   (no helmet)
rElec    .         Reflect  .   (no cloak)
rCorr    .         Harm     .   (no gloves)
MR       .....                  (no barding)
Stlth    ++........             (no amulet)
HPRegen  0.13/turn              (no ring)
MPRegen  0.10/turn              (no ring)

@: lethally poisoned (-6 -> -9), short of breath, appendage, hasted, quick
A: large, horns 2, see invisible, deformed body, poison resistance, slowness 2,
slow metabolism 1, spit poison 1, AC +1
a: Spit Poison, End Transformation


You were on level 4 of the Dungeon.
You were not hungry.
You had grown temporary horns.
You visited 1 branch of the dungeon, and saw 3 of its levels.

You collected 30 gold pieces.

Inventory:

Missiles
 a - 44 arrows
Armour
 b - a +0 robe (worn)
Scrolls
 e - 2 scrolls of teleportation {unknown}
 f - a scroll of identify {unknown}
 h - a scroll of fear {unknown}
 i - 2 scrolls of amnesia {unknown}
 k - a scroll of blinking {unknown}
 l - 2 scrolls of enchant weapon {unknown}
 p - a scroll of enchant armour {unknown}
 q - a scroll of immolation {unknown}
Potions
 g - a potion of cancellation {unknown}
 j - a potion of brilliance {unknown}
 m - a potion of berserk rage {unknown}
 o - a potion of might {unknown}
Comestibles
 d - 6 rations
 n - a chunk of flesh


   Skills:
 + Level 1.8 Fighting
 - Level 1.5 Dodging
 + Level 2.3 Stealth
 * Level 3.9 Unarmed Combat
 - Level 2.0 Spellcasting
 + Level 2.5 Transmutations


You had 6 spell levels left.
You knew the following spells:

 Your Spells              Type           Power        Failure   Level  Hunger
a - Beastly Appendage     Tmut           #.....       9%          1    ##.....

Your spell library contained the following spells:

 Spells                   Type           Power        Failure   Level  Hunger
 Sticks to Snakes         Tmut           #.......     13%         2    ###....
 Spider Form              Tmut/Pois      #.........   38%         3    ####...
 Ice Form                 Ice/Tmut       #.......     80%         4    #####..
 Blade Hands              Tmut           #.........   93%         5    ######.


Dungeon Overview and Level Annotations

Branches:
Dungeon (2/15)

Altars:
Qazlal


Innate Abilities, Weirdness & Mutations

You cannot wear boots.
Your serpentine skin is tough. (AC +1)
You have supernaturally acute eyesight. (SInv)
Armour fits poorly on your strangely shaped body.
Your system is resistant to poisons. (rPois)
You cover ground very slowly.
You have a slow metabolism.
You can spit poison.
You have a pair of horns on your head.


Message History

You headbutt the worker ant.
The worker ant is severely wounded.
You feel sick. The worker ant barely misses you. The hound bites you.
Unknown command.
You hit the worker ant but do no damage.
The worker ant is severely wounded.
The hound bites you but does no damage. The worker ant barely misses you.
Unknown command.
You closely miss the worker ant. Your headbutt misses the worker ant.
The worker ant is severely wounded.
The hound bites you. The worker ant bites you. The hound bites you.
* * * LOW HITPOINT WARNING * * *
Unknown command.
It was a potion of haste.
You feel yourself speed up.
You feel sick. The worker ant bites you.
* * * LOW HITPOINT WARNING * * *
The hound bites you.
* * * LOW HITPOINT WARNING * * *
The worker ant bites you!
You die...

...#.....l#.
#.....?.....
#...........
..#......#
#..........
######...#..#...
.......$........
########..........
#.....a@h.........
#.################


You could see a hound and a worker ant.

Vanquished Creatures
  3 adders (D:2)
  An ooze (D:1)
  A bat (D:2)
  2 giant cockroaches
  6 goblins
  4 hobgoblins (D:1)
  4 jackals (D:1)
  2 ball pythons
  5 frilled lizards
  7 kobolds
  4 rats
39 creatures vanquished.

Notes
Turn   | Place    | Note
-------+----------+-------------------------------------------
     0 | D:1      | feelmyfire the Naga Transmuter began the quest for the Orb.
     0 | D:1      | Reached XP level 1. HP: 18/18 MP: 3/3
   193 | D:1      | Reached XP level 2. HP: 6/25 MP: 3/5
   202 | D:1      | Reached skill level 1 in Stealth
  1122 | D:1      | Reached XP level 3. HP: 23/31 MP: 6/6
  2024 | D:2      | Found a stormy altar of Qazlal.
  2035 | D:2      | Reached XP level 4. HP: 39/39 MP: 5/7
  2179 | D:2      | You fall through a shaft for 2 floors!
  2190 | D:4      | Mangled by a worker ant

Skill      XL: |  1  2  3 |
---------------+----------+-----
Stealth        | 1 2 |  2.3
Fighting       | |  1.8
Dodging        | |  1.5
Unarmed Combat | |  3.9
Spellcasting   | |  2.0
Transmutations | |  2.5

Action                   |  1- 3 |  4- 6 || total
-------------------------+-------+-------++-------
Melee: Unarmed           |    95 |    17 ||   112
       Headbutt          |    10 |     3 ||    13
       Punch             |     3 |       ||     3
 Cast: Beastly Appendage |    13 |     2 ||    15
 Abil: Spit Poison       |    13 |     2 ||    15
  Use: Potion            |       |     1 ||     1
 Stab: Sleeping          |       |     1 ||     1
  Eat: Chunk             |     3 |     1 ||     4
Armor: Robe              |    19 |     7 ||    26
Dodge: Dodged            |    58 |    11 ||    69
